Map: Одиссея РВ

Players

ИИ 1 (ученик)

  • Race: Protoss Protoss
  • Spawn Location: 5:00

Doll - Winner!

  • Race: Terran Terran
  • Spawn Location: 11:00

VOD

Have the link to the VOD?

Description

Time

  • Played on: Feb. 6, 2021, 8:27 a.m.
  • Length: 6:52
Show
View Real Time Build Order
Export as new Build Order

ИИ 1 (ученик) Protoss 

Build Orders:  

Get SALT Encoding   

  12  0:00  Probe  
  13  0:13  Probe  
  14  0:20  Pylon  
  14  0:25  Probe  
  15  0:34  Probe  
  16  0:44  Assimilator  
  16  0:50  Gateway  
  16  0:53  Pylon  
  16  1:18  Assimilator  
  16  1:27  Zealot  
  16  1:38  Cybernetics Core  
  18  2:04  Warp Gate, Probe  
  18  2:06  Pylon  
  18  2:15  Stalker  
  21  2:16  Probe  
  22  2:27  Probe  
  23  2:39  Probe  
  24  2:50  Adept  
  26  2:51  Probe  
  27  3:03  Probe  
  28  3:25  Stalker  
  30  4:02  Adept  
  32  4:22  Probe  
  32  5:30  Probe  
  32  5:50  Stalker  
  32  5:53  Pylon  
  21  6:06  Probe  
  16  6:13  Zealot  
  16  6:15  Probe  
  17  6:21  Pylon  
  17  6:23  Probe  
  16  6:33  Zealot  
  16  6:43  Pylon  
Show
View Real Time Build Order
Export as new Build Order

Doll Terran - Winner!

Build Orders:  

Get SALT Encoding   

  12  0:00  SCV  
  13  0:13  SCV  
  14  0:20  Supply Depot  
  14  0:25  SCV  
  15  0:44  SCV, Barracks  
  16  0:54  Supply Depot  
  16  0:56  SCV  
  17  1:03  Refinery  
  17  1:09  SCV  
  18  1:16  Barracks  
  18  1:21  SCV  
  20  1:37  Orbital Command  
  19  1:46  Reaper  
  20  1:51  Refinery  
  20  1:57  Supply Depot  
  20  2:02  Marine  
  20  2:05  SCV  
  22  2:12  Engineering Bay  
  22  2:19  SCV  
  22  2:21  Marine, Engineering Bay  
  22  2:22  Marine  
  25  2:35  Factory  
  25  2:37  SCV  
  25  2:40  Barracks Tech Lab  
  26  2:44  Barracks Tech Lab  
  26  2:50  SCV  
  27  2:59  Stimpack  
  27  3:01  Marauder  
  27  3:02  Marine  
  30  3:06  SCV  
  30  3:11  Combat Shield  
  31  3:20  Supply Depot  
  31  3:23  Hellion  
  31  3:26  SCV  
  34  3:31  Marauder  
  36  3:37  Marauder  
  38  3:42  SCV  
  39  3:50  Starport  
  39  3:52  Marine  
  40  3:55  Terran Infantry Weapons Level 1  
  40  3:59  Marine  
  40  4:01  Factory Tech Lab  
  41  4:03  SCV  
  42  4:11  Marine  
  42  4:16  SCV  
  44  4:19  Marine  
  45  4:26  Medivac, Supply Depot  
  47  4:44  Command Center  
  47  4:48  Terran Infantry Armor Level 1  
  47  4:50  SCV  
  48  4:53  Marine  
  48  4:55  Marine  
Tags
 
Add a new tag
Caveats
  • Supply blocks, unpowered buildings, or Contaminate may cause inaccurate times.
  • Supply counts are checked every 10 seconds.